 Dungeon Crawl Stone Soup version 0.29-a0-334-gb41bcbb86e (webtiles) character file.

Game seed: 5261162697864377373

23 Morbidden the Shield-Bearer (level 2, 0/29 HPs)
             Began as a Troll Fighter on Apr 14, 2022.
             Slain by Terence
             ... wielding a +0 mace of holy wrath
              (8 damage)
             ... on level 2 of the Dungeon.
             The game lasted 00:00:37 (466 turns).

Morbidden the Shield-Bearer (Troll Fighter)          Turns: 466, Time: 00:00:38

Health: 0/29       AC:  4    Str: 23    XL:     2   Next: 72%
Magic:  1/1        EV: 10    Int:  4    God:
Gold:   40         SH:  0    Dex:  9    Spells: 1/1 levels left

rFire   . . .      SeeInvis .     - Unarmed
rCold   . . .      Faith    .   (no shield)
rNeg    . . .      Spirit   .   a - +0 robe
rPois   .          Reflect  .   (helmet restricted)
rElec   .          Harm     .   (no cloak)
rCorr   .          Rampage  .   (gloves unavailable)
Will    .....                   (boots unavailable)
Stlth   +.........              (no amulet)
HPRegen 0.89/turn               (no ring)
MPRegen 0.07/turn               (no ring)

@: invisible
A: large, unfitting armour, claws 3, regeneration 1, shaggy fur 1, tough skin 1
a: no special abilities


You were on level 2 of the Dungeon.
You visited 1 branch of the dungeon, and saw 2 of its levels.

You collected 40 gold pieces.

Inventory:

Armour
 a - a +0 robe (worn)
Scrolls
 b - a scroll of enchant armour {unknown}
 d - 2 scrolls of identify {unknown}
 f - a scroll of teleportation {unknown}
 g - a scroll of magic mapping {unknown}
 h - a scroll of holy word {unknown}
 i - a scroll of silence {unknown}
 j - a scroll of enchant weapon {unknown}
Potions
 c - a potion of might


   Skills:
 * Level 2.6 Fighting
 + Level 2.5 Dodging
 * Level 2.6 Shields
 * Level 2.3 Unarmed Combat
 * Level 0.2 Spellcasting


You had one spell level left.
You didn't know any spells.
Your spell library contained the following spells:

 Spells                   Type           Power      Damage    Failure   Level
 Summon Guardian Golem    Hex/Summ       0%         N/A       86%         3
 Orb of Destruction       Conj           0%         9d5       100%        7
 Spellforged Servitor     Conj/Summ      0%         N/A       100%        7


Dungeon Overview and Level Annotations

Branches:
Dungeon (2/15)

Altars:
Fedhas

Annotations:
D:2 Terence


Innate Abilities, Weirdness & Mutations

You are too large for most types of armour.
You have claws for hands.
Your natural rate of healing is unusually fast.
You are covered in fur. (AC +1)
You have tough skin. (AC +1)


Message History

Done exploring.
There is a dry fountain here.
There is an open door here.
There is a stone staircase leading down here.
You climb downwards.
Found a scroll labelled CAKHI NAE.
Found a blossoming altar of Fedhas.
There is a stone staircase leading up here.
j - a scroll labelled CAKHI NAE No target in view!
No target in view!
d - 2 scrolls labelled NAYJOSE KEDWU (gained 1)
Found a stone staircase leading down.
No target in view!
Terence the Incautious comes into view.
He is wielding a +0 mace of holy wrath and wearing a +2 ring mail of willpower.
Terence shouts!
Terence is nearby!
Found 17 gold pieces.
Terence hits you with a +0 mace of holy wrath.
You closely miss Terence. You completely miss Terence.
Terence barely misses you.
You barely miss Terence.
Terence hits you with a +0 mace of holy wrath.
You scratch Terence.
Terence is lightly wounded.
Terence hits you with a +0 mace of holy wrath.
You closely miss Terence.
Terence is lightly wounded.
Terence hits you with a +0 mace of holy wrath!
* * * LOW HITPOINT WARNING * * *
You are too injured to fight recklessly!
Unknown command.
Unknown command.
Press: ? - help, v - describe, . - travel
Here: Terence, wielding a +0 mace of holy wrath and wearing a +2 ring mail of willpower (lightly wounded)
The floor.
Unknown command.
It was a potion of invisibility.
You fade into invisibility!
Terence hits you with a +0 mace of holy wrath!
You die...

#. #. #. ##### #. #....
#. #..... #+# #.
#.....####.############.
#...>...................
#.....@@................
#.....##################
#$... ####


You could see Terence (can't see you).

Vanquished Creatures
  A dart slug (D:1)
  2 bats (D:1)
  An endoplasm (D:1)
  2 giant cockroaches (D:1)
  3 goblins (D:1)
  A hobgoblin (D:1)
  3 jackals (D:1)
  A kobold (D:1)
  2 ball pythons (D:1)
  A frilled lizard (D:1)
  A rat (D:1)
18 creatures vanquished.

Notes
Turn   | Place    | Note
-------+----------+-------------------------------------------
     0 | D:1      | Morbidden the Troll Fighter began the quest for the Orb.
     0 | D:1      | Reached XP level 1. HP: 22/22 MP: 0/0
    98 | D:1      | Reached XP level 2. HP: 19/29 MP: 1/1
   433 | D:2      | Found a blossoming altar of Fedhas.
   457 | D:2      | Noticed Terence
   466 | D:2      | Slain by Terence

Illustrated notes

Levels and vault maps discovered:
D:1:      minmay_arrival_nine_rooms, layout_basic
D:2:      layout_basic, basic_altar, uniq_terence

Action                   || total
-------------------------++-------
Melee: Unarmed           ||    66
       Punch             ||     1
  Use: Potion            ||     1
Armor: Robe              ||    22
Dodge: Dodged            ||    35

Table legend: (Time is in decaauts)
 A = Elapsed time spent in this place.
 B = Non-inter-level travel time spent in this place.
 C = Inter-level travel time spent in this place.
 D = Time resting spent in this place.
 E = Time spent auto-exploring this place.
 F = Levels seen in this place.
 G = Mean time per level.
                   A        B        C        D        E       F      G
               +--------+--------+--------+--------+--------+-----+--------+
         Total |    463 |    423 |     40 |      0 |    294 |   2 |  231.5 |
       Dungeon |    463 |    423 |     40 |      0 |    294 |   2 |  231.5 |
               +--------+--------+--------+--------+--------+-----+--------+

Top non-repeatable levels by time:
     D:1: 431 daAuts
     D:2: 32 daAuts
